 Dungeon Crawl Stone Soup version 0.20.1-1-g8b1a95d (console) character file.

46 bli the Caller (level 3, 0/26 HPs)
             Began as a Merfolk Summoner on Aug 9, 2017.
             Slain by a hobgoblin
             ... wielding a +0 club
              (3 damage)
             ... on level 2 of the Dungeon.
             The game lasted 00:07:07 (2013 turns).

bli the Caller (Merfolk Summoner)                   Turns: 2013, Time: 00:07:09

Health: 0/26       AC:  2    Str:  8    XL:     3   Next: 66%
Magic:  5/7        EV: 13    Int: 14    God:
Gold:   35         SH:  0    Dex: 15    Spells: 4/7 levels left

rFire    . . .     SeeInvis .   b - +0 short sword
rCold    . . .     Gourm    .   (no shield)
rNeg     . . .     Faith    .   h - +0 robe
rPois    .         Spirit   .   (no helmet)
rElec    .         Reflect  .   (no cloak)
rCorr    .         Harm     .   (no gloves)
MR       .....                  (no boots)
Stlth    ++........             (no amulet)
Regen    0.1/turn               (no ring)
MPRegen  0.1/turn               (no ring)

@: no status effects
A: change form in water, swift swim, stealthy swim
a: no special abilities


You were on level 2 of the Dungeon.
You were not hungry.

You visited 1 branch of the dungeon, and saw 2 of its levels.

You collected 35 gold pieces.

Inventory:

Hand Weapons
 a - a +0 dagger
 b - a +0 short sword (weapon)
Missiles
 j - 53 stones (quivered)
 n - 6 javelins
Armour
 f - a +0 shield
 h - a +0 robe (worn)
Wands
 q - a wand of acid (10/15)
Scrolls
 e - a scroll of immolation {unknown}
 g - a scroll of teleportation {unknown}
 o - a scroll of identify {unknown}
Potions
 i - a potion of flight {unknown}
 k - a potion of might {unknown}
Books
 m - a book of Callings

   Spells                             Type                      Level
   a - Summon Small Mammal            Summoning                    1
   b - Call Imp                       Summoning                    2
   c - Call Canine Familiar           Summoning                    3
   d - Summon Guardian Golem          Hexes/Summoning              3
   e - Summon Lightning Spire         Summoning/Air                4
   f - Summon Ice Beast               Ice/Summoning                4
 p - a book of Maledictions

   Spells                             Type                      Level
   a - Corona                         Hexes                        1
   b - Ensorcelled Hibernation        Hexes/Ice                    2
   c - Confuse                        Hexes                        3
   d - Tukima's Dance                 Hexes                        3
   e - Dazzling Spray                 Conjuration/Hexes            3
Comestibles
 c - 2 bread rations
 d - a meat ration
 l - 4 chunks of flesh


   Skills:
 * Level 1.4 Fighting
 * Level 3.0 Dodging
 + Level 2.3 Stealth
 + Level 2.6 Spellcasting
 + Level 4.3 Summonings


You had 4 spell levels left.
You knew the following spells:

 Your Spells              Type           Power        Failure   Level  Hunger
a - Summon Small Mammal   Summ           ##..         3%          1    #......
b - Call Imp              Summ           ##......     5%          2    ###....


Dungeon Overview and Level Annotations

Branches:
Dungeon (2/15)

Altars:


Message History

The hobgoblin is heavily wounded.
Your bat closely misses the hobgoblin.
The hobgoblin misses you.
You barely miss the hobgoblin.
The hobgoblin is heavily wounded.
Your bat barely misses the hobgoblin.
The hobgoblin hits you with a club.
* * * LOW HITPOINT WARNING * * *
You hit the hobgoblin but do no damage.
The hobgoblin is heavily wounded.
The hobgoblin hits you with a club.
* * * LOW HITPOINT WARNING * * *
Your bat hits the hobgoblin.
Your bat barely misses the hobgoblin.
There is an open door here.
Your bat closely misses the hobgoblin.
Your bat disappears in a puff of smoke!
Casting: Call Imp
Confirm with . or Enter, or press ? or * to list all spells.
A beastly little devil appears in a puff of frigid air.
The hobgoblin hits you with a club.
You die...

### #.# .###
...###.####...#
...........<..
............#
............#
#..........####
(####..........
###+####'########.
#...............#
#.......g.#####.#
#.......@.+ .
#.....÷...##### ..
#......5......#
...#+#########'######.#
.......#######......#.#
....>†..........###.#.#
..............#..##.#.#
#######.......##.##.#.#
#.......##......#
#...............#
#...............+


You could see a hobgoblin and a friendly white imp.

Vanquished Creatures
  2 leopard geckos
  3 bats
  3 goblins
  A jackal (D:1)
  A frilled lizard (D:1)
  3 kobolds
  5 rats (D:1)
18 creatures vanquished.

Vanquished Creatures (collateral kills)
  An ooze (D:1)
  A worm (D:2)
  2 dart slugs (D:1)
  A leopard gecko (D:2)
  A bat (D:2)
  2 giant cockroaches
  3 goblins (D:1)
  3 hobgoblins (D:1)
  A jackal (D:1)
  2 kobolds (D:1)
  A ball python (D:2)
  A frilled lizard (D:1)
  3 rats (D:1)
22 creatures vanquished.

Grand Total: 40 creatures vanquished

Notes
Turn   | Place    | Note
-------+----------+-------------------------------------------
     0 | D:1      | bli the Merfolk Summoner began the quest for the Orb.
     0 | D:1      | Reached XP level 1. HP: 13/13 MP: 3/3
   257 | D:1      | Reached XP level 2. HP: 6/20 MP: 0/5
   288 | D:1      | Learned a level 2 spell: Call Imp
   556 | D:1      | Reached skill level 1 in Fighting
  1207 | D:1      | Reached XP level 3. HP: 19/26 MP: 2/6
  2013 | D:2      | Slain by a hobgoblin

Skill      XL: |  1  2  3 |
---------------+----------+-----
Fighting       | 1 |  1.4
Dodging        | 3 |  3.0
Stealth        | |  2.3
Spellcasting   | |  2.6
Summonings     | |  4.3

Action                   || total
-------------------------++-------
Melee: Dagger            ||    97
       Unarmed           ||     8
       Short sword       ||    47
 Cast: Summon Small Mamm ||    28
       Call Imp          ||    14
 Stab: Distracted        ||     4
       Sleeping          ||     1
  Eat: Chunk             ||     5
Armor: Robe              ||    28
Dodge: Dodged            ||   140
